 Dungeon Crawl Stone Soup version 0.18-b1-2-gd0c887e (webtiles) character file.

449 shitmuffin the Basher (level 7, -3/105 HPs)
             Began as an Ogre Chaos Knight on Apr 28, 2016.
             Killed by divine providence
             ... invoked by an orc priest
              (11 damage)
             ... on level 4 of the Dungeon.
             The game lasted 00:12:26 (2963 turns).

shitmuffin the Basher (Ogre Chaos Knight)           Turns: 2963, Time: 00:12:31

Health: -3/105     AC: 23    Str: 25    XL:     7   Next: 4%
Magic:  7/7        EV:  1    Int: 16    God:    Xom [.....*]
Gold:   182        SH:  0    Dex:  9    Spells: 0 memorised, 6 levels left

rFire  . . .     SeeInvis .     a - +0 mace (chaos)
rCold  . . .     Gourm    .     (armour currently unavailable)
rNeg   + + +     Faith    .     (no shield)
rPois  +         Spirit   .     (helmet currently unavailable)
rElec  .         Dismiss  .     (cloak currently unavailable)
rCorr  +         Reflect  .     (gloves unavailable)
SustAt .         Harm     .     (boots unavailable)
MR     .....     NoTele   +     (no amulet)
Stlth  +.........               l - ring of teleportation (curse)
                                p - ring of resist corrosion

@: mighty, brilliant, tree-form, very slightly contaminated, drained, not
resistant to hostile enchantments, very unstealthy
A: unfitting armour, (tough skin 0)
a: Renounce Religion


You were on level 4 of the Dungeon.
You worshipped Xom.
You were Xom's teddy bear.
You were not hungry.
You were a tree.
You visited 1 branch of the dungeon, and saw 4 of its levels.

You collected 182 gold pieces.

Inventory:

Hand Weapons
 a - a +0 mace of chaos (weapon)
Armour
 b - a +2 robe (melded)
Jewellery
 l - a cursed ring of teleportation (right branch)
 o - an uncursed ring of sustain attributes
 p - a ring of resist corrosion (left branch)
 u - an uncursed ring of protection from cold {unknown}
Wands
 k - a wand of lightning (0/15)
Scrolls
 g - a scroll of noise {unknown}
 h - 2 scrolls of random uselessness {unknown}
 j - 2 scrolls of recharging {unknown}
 t - 3 scrolls of identify {unknown}
 y - 2 scrolls of teleportation {unknown}
 z - a scroll of remove curse {unknown}
Potions
 d - 2 potions of agility
 e - a potion of cure mutation {unknown}
 m - a potion of brilliance
 n - a potion of might
 q - a potion of lignification
 w - a potion of ambrosia {unknown}
 x - a potion of haste {unknown}
Books
 v - a book of Geomancy

   Spells                             Type                      Level
   a - Sandblast                      Earth                        1
   b - Passwall                       Transmutation/Earth          2
   c - Stone Arrow                    Conjuration/Earth            3
   d - Petrify                        Transmutation/Earth          4
   e - Lee's Rapid Deconstruction     Earth                        5
Comestibles
 c - 2 bread rations
 f - 2 royal jellies


   Skills:
 - Level 4.0(3.2) Fighting
 + Level 10.0(9.2) Maces & Flails
 - Level 2.1(1.4) Dodging


You had 6 spell levels left.
You didn't know any spells.

Dungeon Overview and Level Annotations

Branches:
Dungeon (4/15)
 Temple: D:4-7

Altars:
Ashenzari
Cheibriados
Gozag
Pakellas
Vehumet
Xom


Innate Abilities, Weirdness & Mutations

You are too large for most types of armour.
((You have tough skin (AC +1).))


Message History

Blink to where?
Press: ? - help, Dir - move target cursor You are very lightly contaminated with residual magic.
As you read the scroll labeled IDIFUW OHEROUMM, it crumbles to dust.
It was a scroll of blinking.
An orc comes into view. It is wielding a vampiric short sword.
The orc shouts!
It was a potion of lignification.
You turn into a tree.
Your +2 robe melds into your body.
Your roots penetrate the ground.
Xom thinks this is hilarious!
The orc hits you but does no damage.
An orc wizard comes into view.
It is wielding a dagger of electrocution.
It was a potion of brilliance.
You feel clever all of a sudden.
Xom roars with laughter!
The orc hits you but does no damage.
The orc priest mumbles some strange prayers to Beogh against you.
Beogh smites you!
You die...
Xom titters!

..=§§§(≈............##...........
.....≈≈≈............##...........
....................###.########+
...#............#######..........
####........####o....############
#.....#..# #.....§o§o§....#
#...#....* #...oo§o§§.....#
*****,,,,* #.)o####§###oo.#
*,,,,,,,* ##♣#8,,#§§.8#..#
*,****,,***#o#,...#...#..# *,*
*,,,,,..#,..#....#).#
*,****,,,,...#*.#.#.#.'..#
*,,,,,,>*###.+.#.#)#.##..#
**********,****#.#....#...#..#
,,,,,,,,,,,,,,,..#,,.#....#.##
***************..#8,,,#..8#.#
*,,,***+***#..#


You could see 2 orc priests, an orc wizard and 3 orcs.

Vanquished Creatures
  The ghost of sav the Skirmisher, an amateur HOFi (D:3)
  An ogre (D:4)
  3 crimson imps (D:3)
  Terence (D:3)
  An orc wizard (D:4)
  3 adders
  A shadow imp (D:3)
  An ooze (D:1)
  An adder skeleton (D:3)
  A worm (D:3)
  2 dart slugs
  2 giant geckos (D:3)
  2 orcs (D:3)
  8 bats
  A giant cockroach (D:1)
  8 goblins
  6 hobgoblins
  18 jackals
  A quokka (D:3)
  2 ball pythons
  2 giant newts
  3 kobolds
  6 rats
75 creatures vanquished.

Notes
Turn   | Place    | Note
--------------------------------------------------------------
     0 | D:1      | shitmuffin the Ogre Chaos Knight began the quest for the Orb.
     0 | D:1      | Reached XP level 1. HP: 24/24 MP: 1/1
   179 | D:1      | Reached XP level 2. HP: 32/32 MP: 2/2
   218 | D:1      | Reached skill level 5 in Maces & Flails
   394 | D:1      | XOM: harmless Erth miscast
   434 | D:1      | XOM: noise
   450 | D:1      | Reached XP level 3. HP: 37/39 MP: 3/3
   609 | D:1      | XOM: 1-stop teleportation journey
   730 | D:1      | XOM: colour smoke trail
   937 | D:1      | XOM: god gift: crooked silver wand {god gift}
  1218 | D:2      | Reached skill level 6 in Maces & Flails
  1305 | D:2      | Reached XP level 4. HP: 46/48 MP: 4/4
  1406 | D:2      | Found an oddly glowing altar of Pakellas.
  1538 | D:3      | XOM: potion effect (berserk rage)
  1760 | D:3      | Noticed Terence
  1766 | D:3      | Noticed sav's ghost (amateur HOFi)
  1768 | D:3      | XOM: scenery: create altars
  1770 | D:3      | Killed Terence
  1770 | D:3      | Reached skill level 7 in Maces & Flails
  1771 | D:3      | XOM: 2-stop teleportation journey
  1789 | D:3      | XOM: vitrification
  1813 | D:3      | Found a radiant altar of Vehumet.
  1830 | D:3      | XOM: god gift: 9 arrows
  1846 | D:3      | Found a snail-covered altar of Cheibriados.
  1858 | D:3      | Found a shattered altar of Ashenzari.
  1867 | D:3      | XOM: harmless Ice miscast
  1868 | D:3      | XOM: confusion (+ monsters)
  1888 | D:3      | Killed sav's ghost
  1888 | D:3      | Reached skill level 8 in Maces & Flails
  1888 | D:3      | Reached XP level 5. HP: 28/54 MP: 5/5
  2192 | D:3      | Found a shimmering altar of Xom.
  2197 | D:3      | Reached XP level 6. HP: 59/62 MP: 6/6
  2219 | D:3      | Reached skill level 9 in Maces & Flails
  2230 | D:3      | XOM: confuse monster(s)
  2266 | D:3      | XOM: noise
  2608 | D:3      | Found an opulent altar of Gozag.
  2924 | D:4      | XOM: fog
  2954 | D:4      | Reached skill level 10 in Maces & Flails
  2954 | D:4      | Reached XP level 7. HP: 42/70 MP: 7/7
  2955 | D:4      | XOM: fog
  2963 | D:4      | Killed from afar by an orc priest

Skill      XL: |  1  2  3  4  5  6 |
---------------+-------------------+-----
Maces & Flails | 5 6 8 10 | 10.0
Fighting       | |  4.0
Dodging        | |  2.1

Action                   |  1- 3 |  4- 6 |  7- 9 || total
-------------------------+-------+-------+-------++-------
Melee: Mace              |   137 |   161 |     1 ||   299
Evoke: Wand              |     1 |     2 |       ||     3
  Use: Potion            |       |       |     4 ||     4
       Scroll            |       |       |     2 ||     2
 Stab: Petrified         |     1 |       |       ||     1
  Eat: Chunk             |     1 |       |       ||     1
       Bread ration      |       |     1 |       ||     1
       Meat ration       |       |     1 |       ||     1
Armor: Robe              |    59 |    64 |     2 ||   125
       Skin              |       |       |     2 ||     2
Dodge: Dodged            |    94 |    92 |     2 ||   188
